 Seeded DCSS version 0.31-a0-986-g5e6e4ef867 (webtiles) character file.

Game seed: 10330998962624985796 (custom seed)

361 Hubris850 the Magician (level 6, -9/40 HPs)
             Began as a Djinni Ice Elementalist on Nov 14, 2023.
             Was an Initiate of Ru.
             Killed by divine providence
             ... invoked by an orc priest
              (13 damage)
             ... on level 4 of the Dungeon.
             The game lasted 00:10:14 (3511 turns).

Hubris850 the Magician (Djinni Ice Elementalist)    Turns: 3511, Time: 00:10:14

Health: -9/40      AC:  3    Str: 10 (12) XL:     6   Next: 99%
Gold:   213        EV: 12    Int: 18 (21) God:    Ru [......] SH:  0 Dex: 11 (13)

rFire   + + .        j - +6 dagger "Kuagoppao" {freeze, Will+ Str+5 Int+2}
rCold   x . .        (no shield)
rNeg    . . .        g - +0 leather armour
rPois   ∞            (no helmet)
rElec   .            (no cloak)
rCorr   .            (no gloves)
SInv    .            (boots unavailable)
Will    ++...        (no amulet)
Stlth   +            x - ring of willpower
HPRegen 0.26/turn    (no ring)
MPRegen 0.00/turn

%: infuse magic (-10 HP)
@: flying
A: sickness immunity, fire resistance 2, cold vulnerability 1, float, innate
caster, HP casting, extra vitality 1
a: Renounce Religion


You were on level 4 of the Dungeon.
You worshipped Ru.
Ru was noncommittal.
You visited 1 branch of the dungeon, and saw 4 of its levels.

You collected 213 gold pieces.

Inventory:

Hand Weapons
 i - a +0 dagger
 j - the +6 dagger "Kuagoppao" (weapon) {freeze, Will+ Str+5 Int+2}
   (You found it on level 2 of the Dungeon)

   Str+5:     It affects your strength (+5).
   Int+2:     It affects your intelligence (+2).
   Will+:     It increases your willpower.
 r - a +2 whip of draining
Missiles
 v - 3 javelins
Armour
 a - a +0 robe
 g - a +0 leather armour (worn)
Jewellery
 x - a ring of willpower (left hand)
Wands
 m - a wand of iceblast (10)
 u - a wand of flame (28)
Scrolls
 c - a scroll of teleportation {unknown}
 d - 2 scrolls of blinking
 e - a scroll of noise {unknown}
 l - 2 scrolls of enchant armour {unknown}
 n - a scroll of enchant weapon {unknown}
 p - a scroll of torment {unknown}
 t - a scroll of amnesia {unknown}
 w - a scroll of revelation {unknown}
Potions
 b - 4 potions of curing
 o - a potion of mutation
 q - a potion of enlightenment


   Skills:
 + Level 3.8 Short Blades
 - Level 3.4 Dodging
 - Level 1.5 Stealth
 + Level 4.6 Spellcasting
 + Level 4.6 Conjurations
 + Level 4.6 Hexes
   Level 0.0 Charms
 + Level 4.6 Summonings
 + Level 4.6 Necromancy
 + Level 4.6 Translocations
 + Level 4.6 Transmutations
 + Level 4.6 Fire Magic
 + Level 4.6 Ice Magic
 + Level 4.6 Air Magic
 + Level 4.6 Earth Magic
 + Level 4.6 Poison Magic


You knew the following spells:

 Your Spells              Type           Power      Damage    Failure   Level
a - Freeze                Ice            80%        1d9       2%          1
b - Frozen Ramparts       Ice            40%        1d7       9%          3
c - Ozocubu's Armour      Ice            20%        N/A       9%          3
d - Summon Ice Beast      Ice/Summ       20%        N/A       28%         4
e - Foxfire               Conj/Fire      80%        2x1d8     2%          1
f - Poisonous Vapours     Pois/Air       40%        N/A       4%          2
Your spell library was empty.

Dungeon Overview and Level Annotations

Branches:
Dungeon (4/15)
 Temple: D:4-7

Altars:
Dithmenos
Ru
Wu Jian

Shops:
D:3 (:?

Annotations:
D:4 Tollund's ghost, novice GnWr


Innate Abilities, Weirdness & Mutations

You are immune to sickness and miasma.
You are immune to poison.
Your flesh is very heat resistant. (rF++)
You are vulnerable to cold. (rC-)
You float through the air rather than walking.
You learn spells naturally, not from books.
Your magical power is your life essence.
You have superior vitality. (+4 MHP)


Message History

The walls around you are covered in ice.
Unknown command.
The frozen ramparts melt away as you move.
Okay, then.
It was a potion of cancellation.
You feel magically purged.
It was a potion of heal wounds.
You feel much better.
Okay, then.
Blink to where?
Press: ? - help, Dir - move target, f - you Blink to where?
Press: ? - help, Dir - move target, f - you
Okay, then.
As you read the scroll labelled RETHEFINKE, it crumbles to dust.
It was a scroll of blinking.
As you read the scroll labelled XOWEVAOCZI, it crumbles to dust.
It is a scroll of identify.
o - a potion of mutation
As you read the scroll of identify, it crumbles to dust.
q - a potion of enlightenment
Okay, then.
It was a potion of degeneration.
There was something very wrong with that liquid.
You feel weakened.
You feel dopey.
You feel clumsy.
It was a potion of ambrosia.
You are confused.
You feel invigorated.
You feel less invigorated.
You feel less confused.
You reach down and open the gate.
The orc priest calls down the wrath of Beogh upon you.
Beogh smites you!
The orc priest calls down the wrath of Beogh upon you.
Beogh smites you!
The orc grunts noisily.
The orc priest mumbles some strange prayers to Beogh against something.
Beogh smites you!
* * * LOW HITPOINT WARNING * * *
The orc priest invokes the aid of Beogh against you.
Beogh smites you!
You die...

........#.####...###.........)..#
...##.......##...##.............#
#..##.......#8...8#.............#
#..##.).....##...##..............
...##............###.###.#...##..
#.##########...##....###...#.#...
######^^P..###.##....#...........
###..#P...P# #..#....#.#.........
..#.#..._PP# ##.@.###############
##.###P.P.P######.#8!...[_[)...8#
#### #^^P..#......#.............#
#.<#############..#.#8#..8..#8#.#
..÷[.#.#.# ##...#.###.....###.#
.........#####..o.#o..o#####....#
...........).....o#ooo.oo.......#
........####.....o######'''######
...............#.W8..oW.........8


You could see an orc priest and an orc.

Vanquished Creatures
  An ice beast (D:4)
  A scorpion (D:3)
  A jelly (D:4)
  2 iguanas (D:4)
  3 gnolls (D:4)
  4 adders
  A worm (D:4)
  3 dart slugs
  5 orcs
  6 endoplasms
  2 giant cockroaches (D:2)
  4 goblins
  6 hobgoblins
  2 jackals (D:4)
  2 kobolds (D:2)
  3 quokkas
  4 ball pythons
  7 bats
  3 frilled lizards
60 creatures vanquished.

Vanquished Creatures (others)
  42 foxfires
42 creatures vanquished.

Grand Total: 102 creatures vanquished

Notes
Turn   | Place    | Note
-------+----------+-------------------------------------------
     0 | D:1      | Hubris850 the Djinni Ice Elementalist began the quest for
                  | the Orb.
     0 | D:1      | Hubris850 set off with the following spells memorised:
                  | Freeze, Frozen Ramparts, Ozocubu's Armour, Summon Ice
                  | Beast.
     0 | D:1      | Reached XP level 1. HP: 15/15 MP: 0/0
   655 | D:1      | Reached XP level 2. HP: 21/21 MP: 0/0
   896 | D:2      | Identified the +6 dagger "Kuagoppao" {freeze, Will+ Str+5
                  | Int+2}
   977 | D:2      | Reached skill level 1 in Short Blades
   977 | D:2      | Reached XP level 3. HP: 23/25 MP: 0/0
   977 | D:2      | Learned a level 1 spell: Foxfire
  1152 | D:2      | Found a faded altar of an unknown god.
  1944 | D:3      | Reached XP level 4. HP: 27/31 MP: 0/0
  2137 | D:3      | Found Vaulelo's Magic Scroll Shoppe.
  2264 | D:3      | Found Giblul's Weapon Boutique.
  2401 | D:3      | Found Testamme's Book Emporium.
  2524 | D:4      | Noticed a scorpion
  2538 | D:3      | Killed a scorpion
  2539 | D:3      | Reached XP level 5. HP: 32/35 MP: 0/0
  2539 | D:3      | Learned a level 2 spell: Poisonous Vapours
  2745 | D:4      | Found an ornate altar of the Wu Jian Council.
  2762 | D:4      | Noticed an ice beast
  2769 | D:4      | Killed an ice beast
  2770 | D:4      | Reached XP level 6. HP: 35/40 MP: 0/0
  2851 | D:4      | Found a sacrificial altar of Ru.
  2857 | D:4      | Became a worshipper of Ru the Awakened
  2868 | D:4      | Found a shadowy altar of Dithmenos.
  3026 | D:4      | Found a runed translucent gate.
  3026 | D:4      | Identified the +1 leather armour of Dangucup {rPois}
  3027 | D:4      | Found a runed translucent gate.
  3028 | D:4      | Noticed Tollund's ghost (novice GnWr)
  3028 | D:4      | Found a runed translucent gate.
  3028 | D:4      | Noticed an orc warrior
  3503 | D:4      | HP: 2/40 [orc priest/divine providence (15)]
  3511 | D:4      | Killed from afar by an orc priest

Illustrated notes

Levels and vault maps discovered:
D:1:      dpeg_arrival_arbitrary_c, layout_loops_corners
D:2:      layout_basic, shapermc_ecumenical_altar_totnotflames
D:3:      layout_rooms, serial_shops, shop, shop, nicolae_shop_rolled_up,
          minmay_misc_feat_square, minmay_misc_feat_nine_boxes
D:4:      layout_rooms, nicolae_dithmenos_shadow_blocks,
          nicolae_wu_jian_wuxing_cycle, nicolae_ru_the_path_less_chosen,
          biasface_ghost_orc_armoury, serial_corexii_hall,
          corexii_hall_statues_l, corexii_hall_statues_t,
          chequers_hall_statues_corner_a, corexii_hall_statues_x

Skill      XL: |  1  2  3  4  5 |
---------------+----------------+-----
Short Blades   | 1 2 3 |  3.8
Dodging        | 3 |  3.4
Spellcasting   | 4 |  4.6
Conjurations   | 4 |  4.6
Hexes          | 4 |  4.6
Summonings     | 4 |  4.6
Necromancy     | 4 |  4.6
Translocations | 4 |  4.6
Transmutations | 4 |  4.6
Fire Magic     | 4 |  4.6
Ice Magic      | 4 |  4.6
Air Magic      | 4 |  4.6
Earth Magic    | 4 |  4.6
Poison Magic   | 4 |  4.6
Stealth        | |  1.5

Action                     |  1- 3 |  4- 6 || total
---------------------------+-------+-------++-------
  Melee: Unarmed           |     1 |       ||     1
         Dagger            |    35 |    79 ||   114
         Punch             |       |     1 ||     1
   Cast: Freeze            |    14 |       ||    14
         Foxfire           |     7 |    19 ||    26
         Frozen Ramparts   |       |     2 ||     2
    Use: Potion            |       |     5 ||     5
         Scroll            |       |     3 ||     3
   Stab: Sleeping          |     1 |     3 ||     4
         Distracted        |       |     1 ||     1
 Armour: Robe              |     5 |       ||     5
         Leather armour    |    15 |    42 ||    57
  Dodge: Dodged            |    27 |    42 ||    69

Table legend: (Time is in decaauts)
 A = Elapsed time spent in this place.
 B = Non-inter-level travel time spent in this place.
 C = Inter-level travel time spent in this place.
 D = Time resting spent in this place.
 E = Time spent auto-exploring this place.
 F = Levels seen in this place.
 G = Mean time per level.
                   A        B        C        D        E       F      G
               +--------+--------+--------+--------+--------+-----+--------+
         Total |   3498 |   3409 |     89 |    125 |   2710 |   4 |  874.5 |
       Dungeon |   3498 |   3409 |     89 |    125 |   2710 |   4 |  874.5 |
               +--------+--------+--------+--------+--------+-----+--------+

Top non-repeatable levels by time:
     D:2: 1009 daAuts
     D:1: 892 daAuts
     D:4: 817 daAuts
     D:3: 779 daAuts
